 Dungeon Crawl Stone Soup version 0.29.1-1-gd02db6906a (webtiles) character file.

Game seed: 8275604462451390289

102 xian the Ruffian (level 4, -7/37 HPs)
             Began as a Ghoul Wanderer on Sept 28, 2022.
             Killed by divine providence
             ... invoked by an orc priest
              (8 damage)
             ... on level 3 of the Dungeon on Sept 29, 2022.
             The game lasted 00:05:29 (2127 turns).

xian the Ruffian (Ghoul Wanderer)                   Turns: 2127, Time: 00:05:29

Health: -7/37      AC:  6    Str: 18    XL:     4   Next: 77%
Magic:  4/4        EV:  9    Int:  7    God:
Gold:   106        SH:  0    Dex:  7    Spells: 4/5 levels left

rFire   . . .      SeeInvis .     - Unarmed
rCold   + . .      Faith    .   (no shield)
rNeg    + + +      Spirit   .   c - +0 scale mail
rPois   ∞          Reflect  .   (no helmet)
rElec   .          Harm     .   (no cloak)
rCorr   .          Rampage  .   (no gloves)
Will    .....                   (no boots)
Stlth   ..........              (no amulet)
HPRegen 0.00/turn               (no ring)
MPRegen 0.09/turn               (no ring)

@: inhibited regen
A: claws 1, cold resistance 1, negative energy resistance 3, inhibited
regeneration, torment resistance 2, devour on kill
a: no special abilities


You were on level 3 of the Dungeon.
You visited 1 branch of the dungeon, and saw 3 of its levels.

You collected 106 gold pieces.

Inventory:

Missiles
 g - a throwing net
 i - 8 poisoned darts (quivered)
Armour
 c - a +0 scale mail (worn)
Scrolls
 a - a scroll of brand weapon {unknown}
 b - a scroll of blinking
 d - 3 scrolls of teleportation
 e - a scroll of fear
 f - a scroll of poison {unknown}
 k - a scroll of summoning {unknown}
 l - a scroll of fog {unknown}
 p - a scroll of identify {unknown}
 r - a scroll of acquirement {unknown}
Potions
 h - a potion of magic {unknown}
 j - a potion of attraction {unknown}
 m - a potion of heal wounds {unknown}
 n - a potion of cancellation {unknown}
 o - a potion of haste {unknown}
 q - a potion of resistance {unknown}


   Skills:
 + Level 2.7 Fighting
 + Level 1.0 Throwing
 + Level 2.0 Armour
 + Level 0.9 Dodging
 + Level 1.3 Stealth
 + Level 3.3 Unarmed Combat
 + Level 1.0 Spellcasting
 + Level 2.5 Translocations


You had 4 spell levels left.
You knew the following spells:

 Your Spells              Type           Power      Damage    Failure   Level
a - Apportation           Tloc           6%         N/A       43%         1

Your spell library contained the following spells:

 Spells                   Type           Power      Damage    Failure   Level
 Magic Dart               Conj           0%         1d3       80%         1
 Sandblast                Erth           0%         2d4       80%         1
 Gell's Gravitas          Tloc           3%         N/A       82%         3
 Lesser Beckoning         Tloc           3%         N/A       82%         3
 Teleport Other           Tloc           3%         N/A       82%         3
 Call Imp                 Summ           0%         N/A       90%         2
 Passwall                 Tmut/Erth      0%         N/A       90%         2
 Mephitic Cloud           Conj/Pois/Air  0%         N/A       99%         3
 Stone Arrow              Conj/Erth      0%         3d7       99%         3
 Dispersal                Tloc           1%         N/A       100%        6


Dungeon Overview and Level Annotations

Branches:
Dungeon (3/15)

Altars:


Innate Abilities, Weirdness & Mutations

You are immune to poison.
You have sharp fingernails.
Your flesh is cold resistant. (rC+)
You are immune to negative energy. (rN+++)
You do not regenerate when monsters are visible.
You are immune to unholy pain and torment.
You thrive by killing the living.


Message History

You completely miss the orc wizard. The orc priest misses you.
The orc wizard casts a spell at you.
You are confused.
You bump into the rock wall.
The orc priest closely misses you. The orc wizard barely misses you.
The orc wizard attacks as you move away!
The orc wizard hits you but does no damage.
The orc priest looks braver for a moment.
The orc wizard mumbles some strange words.
The orc wizard flickers and vanishes!
Deactivating autopickup; reactivate with Ctrl-A.
Unknown command.
You bump into the rock wall.
You're too confused to move!
The orc priest hits you with a +0 flail.
The orc priest attacks as you move away!
The orc priest hits you with a +0 flail.
You closely miss the orc priest. Your claw misses the orc priest.
The orc attacks as you move away! The orc hits you with a +0 short sword.
You feel less confused. The orc priest barely misses you.
You scratch the orc.
The orc is moderately wounded.
The orc priest hits you but does no damage.
The orc hits you with a +0 short sword.
Unknown command.
You scratch the orc.
You kill the orc!
You feel better.
The orc priest invokes the aid of Beogh against you.
Beogh smites you!
* * * LOW HITPOINT WARNING * * *
You hear some strange, mumbled words.
A puff of flame appears from out of thin air!
The puff of flame hits you!
* * * LOW HITPOINT WARNING * * *
The orc priest miscasts a cantrip.
The orc priest invokes the aid of Beogh against you.
Beogh smites you!
You die...

#..........##############
##............).)........
#............o.##'##.....
#..........#####...# ###
#........oo## $8.8$#
#...........###..$.$#
#............##$8$8$#
##........#...##$_$##
##......##.#@###### .#
#########.#)....# .#
#......##.# #.#
#...[..##..# #.#
#......###(.. #>#
#.<.......##.###.#
#......##........###
#......# ##.......#
#......# ####..#....


You could see an orc priest and an orc.

Vanquished Creatures
  An orc priest (D:3)
  2 adders (D:2)
  5 dart slugs
  4 orcs
  2 ball pythons
  5 endoplasms
  A giant cockroach (D:2)
  2 goblins (D:1)
  4 hobgoblins
  4 jackals (D:1)
  A bat (D:2)
  A frilled lizard (D:1)
  3 kobolds
  5 rats
40 creatures vanquished.

Notes
Turn   | Place    | Note
-------+----------+-------------------------------------------
     0 | D:1      | xian the Ghoul Wanderer began the quest for the Orb.
     0 | D:1      | xian set off with the following items: a +0 club, a scroll
                  | of blinking, a +0 scale mail, a scroll of teleportation, a
                  | scroll of fear; and the following spell memorised:
                  | Apportation; and the following spells available to
                  | memorise: Lesser Beckoning.
     0 | D:1      | Reached XP level 1. HP: 17/17 MP: 1/1
    70 | D:1      | Reached XP level 2. HP: 24/25 MP: 2/2
   348 | D:1      | Reached XP level 3. HP: 30/30 MP: 3/3
   889 | D:2      | Reached skill level 3 in Unarmed Combat
  1315 | D:2      | Reached XP level 4. HP: 19/37 MP: 4/4
  2119 | D:3      | HP: 1/37 [something/puff of flame (10)]
  2127 | D:3      | Killed from afar by an orc priest

Illustrated notes

Levels and vault maps discovered:
D:1:      ncdulo_lavacross, layout_loops_ring
D:2:      layout_loops_ring
D:3:      layout_rooms, amethyst_overflow_temple_binary, kennysheep_orc_chapel,
          uniq_robin

Skill      XL: |  1  2  3  4 |
---------------+-------------+-----
Translocations | 2 |  2.5
Unarmed Combat | 3 |  3.3
Armour         | 2 |  2.0
Fighting       | |  2.7
Throwing       | |  1.0
Dodging        | |  0.9
Stealth        | |  1.3
Spellcasting   | |  1.0

Action                   |  1- 3 |  4- 6 || total
-------------------------+-------+-------++-------
Melee: Unarmed           |   126 |    31 ||   157
       Punch             |     2 |       ||     2
 Cast: Apportation       |     1 |       ||     1
Armor: Scale mail        |    50 |    13 ||    63
Dodge: Dodged            |    45 |    23 ||    68
